 Dungeon Crawl Stone Soup version 0.29.1-1-gd02db6906a (webtiles) character file.

Game seed: 2489512521229260157

429 groovy9 the Shooter (level 7, -4/50 HPs)
             Began as a Formicid Hunter on Sept 19, 2022.
             Was an Initiate of Hepliaklqana.
             Slain by a wyvern zombie (14 damage)
             ... on level 4 of the Dungeon.
             The game lasted 00:12:53 (4363 turns).

groovy9 the Shooter (Formicid Hunter)               Turns: 4363, Time: 00:12:53

Health: -4/50      AC:  5    Str: 16    XL:     7   Next: 19%
Magic:  7/7        EV: 11    Int:  8    God:    Hepliaklqana [......]
Gold:   187        SH:  7    Dex: 19    Spells: 6/6 levels left

rFire   . . .      SeeInvis +   a - +0 shortbow (venom)
rCold   + . .      Faith    .   d - +2 buckler
rNeg    . . .      Spirit   .   c - +0 leather armour
rPois   .          Reflect  .   (helmet unavailable)
rElec   .          Harm     .   (no cloak)
rCorr   .          Rampage  .   (no gloves)
Will    .....                   (no boots)
Stlth   +++.......              (no amulet)
HPRegen 0.16/turn               l - ring of protection from cold
MPRegen 0.10/turn               (no ring)

@: no status effects
A: permanent stasis, dig shafts and tunnels, antennae 3, four strong arms, fangs
1, talons 1, iridescent scales 1, subdued magic 1
a: Dig, Shaft Self, Renounce Religion


You were on level 4 of the Dungeon.
You worshipped Hepliaklqana.
Hepliaklqana was noncommittal.
You visited 2 branches of the dungeon, and saw 7 of its levels.

You collected 187 gold pieces.

Inventory:

Hand Weapons
 a - a +0 shortbow of venom (weapon)
Missiles
 j - 4 curare-tipped darts
Armour
 c - a +0 leather armour (worn)
 d - a +2 buckler (worn)
 u - an orb of light
Jewellery
 g - a ring of ice
 l - a ring of protection from cold (left hand)
 w - a ring of ice
Wands
 p - a wand of digging (6)
 t - a wand of paralysis (9)
 v - a wand of flame (23)
Scrolls
 b - a scroll of immolation
 f - a scroll of magic mapping {unknown}
 n - a scroll of amnesia {unknown}
Potions
 h - a potion of degeneration
 i - a potion of mutation
 k - 2 potions of attraction {unknown}
 m - a potion of cancellation
 o - a potion of curing
 q - a potion of magic {unknown}
 r - 2 potions of brilliance
 s - a potion of flight {unknown}


   Skills:
 - Level 2.1 Fighting
 * Level 6.4 Ranged Weapons
 - Level 1.7 Dodging
 + Level 4.6 Stealth
 + Level 3.9 Shields


You had 6 spell levels left.
You didn't know any spells.
Your spell library contained the following spells:

 Spells                   Type           Power      Damage    Failure   Level
 Corpse Rot               Necr/Pois/Air  0%         N/A       99%         4
 Dispel Undead            Necr           0%         3d6       99%         4
 Death Channel            Necr           0%         N/A       100%        6


Dungeon Overview and Level Annotations

Branches:
Dungeon (6/15)             Temple (1/1) D:4

Altars:
Ashenzari
Cheibriados
Dithmenos
Elyvilon
Fedhas
Gozag
Hepliaklqana
Kikubaaqudgha
Makhleb
Nemelex Xobeh
Okawaru
Qazlal
Ru
Sif Muna
Trog
Uskayaw
Vehumet
Wu Jian
Xom
Yredelemnul
Zin
The Shining One

Annotations:
D:3 Sigmund


Innate Abilities, Weirdness & Mutations

You cannot be hasted, slowed, berserked, paralysed or teleported.
You can dig through walls and to a lower floor.
You have a pair of large antennae on your head. (SInv)
Your four strong arms can wield two-handed weapons with a shield.
You have very sharp teeth.
You have sharp toenails.
You are partially covered in iridescent scales. (AC +2)
Your spells are a little easier to cast, but a little less powerful.


Message History

You shoot an arrow. The arrow hits the bullfrog zombie!
The bullfrog zombie is severely damaged.
The bullfrog zombie hits you.
* * * LOW HITPOINT WARNING * * *
The bullfrog zombie hits you but does no damage.
Fire: a) +0 shortbow (venom)
Press: ? - help, Q - select action, (/) - cycle Shift-Dir - straight line, f/p - bullfrog zombie
Aim: a bullfrog zombie (severely damaged, 75% to hit)
You shoot an arrow. The arrow hits the bullfrog zombie.
The bullfrog zombie is almost destroyed.
The bullfrog zombie completely misses you.
The bullfrog zombie closely misses you.
Fire: a) +0 shortbow (venom)
Press: ? - help, Q - select action, (/) - cycle Shift-Dir - straight line, f/p - bullfrog zombie
Aim: a bullfrog zombie (almost destroyed, 75% to hit)
You shoot an arrow. The arrow hits the bullfrog zombie.
The bullfrog zombie is almost destroyed.
The bullfrog zombie hits you.
* * * LOW HITPOINT WARNING * * *
Fire: a) +0 shortbow (venom)
Press: ? - help, Q - select action, (/) - cycle Shift-Dir - straight line, f/p - bullfrog zombie
Aim: a bullfrog zombie (almost destroyed, 75% to hit)
You shoot an arrow.
The arrow barely misses the bullfrog zombie.
The arrow barely misses the wyvern zombie.
The bullfrog zombie closely misses you. You block the bullfrog zombie's attack.
Fire: a) +0 shortbow (venom)
Press: ? - help, Q - select action, (/) - cycle Shift-Dir - straight line, f/p - bullfrog zombie
Aim: a bullfrog zombie (almost destroyed, 75% to hit)
You shoot an arrow. The arrow hits the bullfrog zombie!
You destroy the bullfrog zombie!
The wyvern zombie bites you.
* * * LOW HITPOINT WARNING * * *
Fire: a) +0 shortbow (venom)
Press: ? - help, Q - select action, (/) - cycle Shift-Dir - straight line, f - wyvern zombie
Aim: a wyvern zombie (lightly damaged, 81% to hit)
You shoot an arrow. The arrow hits the wyvern zombie!
The wyvern zombie is moderately damaged.
The wyvern zombie bites you!
You die...

##..#.# ##..)#
##### # ###..
####.#!#.# ##.#
#..#.....# ##.#.
###..'...)####(###
#....'.$.[.##.## #
#Z#..'....####.###
#@#..#.....####.#(
#.####.#.#.##.....
#.# ##### ##.##.#
#.# #.##.# #.#
#.##.. #####.###
#.#### ##.......#
#.#### #...####.#
##..... #.....##.#
######.^....


You could see a wyvern zombie.

Vanquished Creatures
  A wyvern zombie (D:4)
  A howler monkey (D:6)
  A bullfrog zombie (D:4)
  A gnoll bouda (D:4)
  2 orc priests (D:4)
  An orc wizard (D:4)
  A mummy (D:4)
  3 adders
  6 gnolls
  The ghost of TheBeaver the Sneak, a weakling DsDe (D:4)
  4 dart slugs
  3 orcs (D:4)
  6 bats
  8 endoplasms
  4 giant cockroaches
  7 goblins
  6 hobgoblins
  4 quokkas
  7 ball pythons
  4 frilled lizards
  11 kobolds
  4 rats
86 creatures vanquished.

Notes
Turn   | Place    | Note
-------+----------+-------------------------------------------
     0 | D:1      | groovy9 the Formicid Hunter began the quest for the Orb.
     0 | D:1      | Reached XP level 1. HP: 16/16 MP: 1/1
   101 | D:1      | Reached XP level 2. HP: 22/22 MP: 2/2
   480 | D:1      | Reached XP level 3. HP: 27/27 MP: 3/3
   838 | D:2      | Gained mutation: Your spells are a little easier to cast,
                  | but a little less powerful. [potion of mutation]
   838 | D:2      | Gained mutation: You have hidden genetic potential. [potion
                  | of mutation]
   838 | D:2      | Gained mutation: You have very sharp teeth. [potion of
                  | mutation]
   842 | D:2      | Reached skill level 1 in Shields
   980 | D:2      | Reached XP level 4. HP: 33/33 MP: 4/4
  1469 | D:2      | Reached skill level 5 in Ranged Weapons
  1473 | D:2      | Gained mutation: You have sharp toenails. [hidden
                  | potential]
  1614 | D:3      | Found a broken altar of Ashenzari.
  1799 | D:3      | You fall into a shaft and drop 3 floors!
  1822 | D:6      | Reached XP level 5. HP: 38/38 MP: 5/5
  1834 | D:6      | Found an ancient bone altar of Kikubaaqudgha.
  1839 | D:6      | Gained mutation: You are partially covered in iridescent
                  | scales. (AC +2) [hidden potential]
  1839 | D:6      | Lost mutation: You have hidden genetic potential. [hidden
                  | potential expressed]
  1882 | D:6      | Noticed a phantom
  1894 | D:5      | Entered Level 5 of the Dungeon
  1987 | D:4      | Found a staircase to the Ecumenical Temple.
  1992 | Temple   | Entered the Ecumenical Temple
  2047 | Temple   | Became a worshipper of Hepliaklqana the Forgotten
  2427 | D:4      | Found a runed translucent gate.
  2427 | D:4      | Found a runed translucent gate.
  2428 | D:4      | Found a runed translucent gate.
  2430 | D:4      | Noticed TheBeaver's ghost (weakling DsDe)
  2547 | D:3      | Noticed Sigmund
  3416 | D:4      | Reached XP level 6. HP: 35/44 MP: 6/6
  3698 | D:4      | Found a sacrificial altar of Ru.
  3747 | D:4      | Reached skill level 6 in Ranged Weapons
  4347 | D:4      | Killed TheBeaver's ghost
  4356 | D:4      | Reached XP level 7. HP: 14/50 MP: 7/7
  4363 | D:4      | Slain by a wyvern zombie

Illustrated notes

Levels and vault maps discovered:
D:1:      dpeg_arrival_erosion, layout_basic
D:2:      layout_loops_cross
D:3:      layout_basic, mainiacjoe_overflow_tiny_flanked,
          dreamdust_princess_corridor, minmay_misc_feat_tiny, uniq_sigmund
D:4:      layout_loops_cross, nicolae_ru_great_annihilating_truth,
          minmay_temple_entry_wispy, gammafunk_ghost_necromancy,
          gup_ossuary_entry_pyramid, minmay_crystal_room,
          amcnicky_mini_rare_corridor_liquid, chequers_serial_rivers_small_3,
          grunt_ministairs_11
D:5:      layout_loops_cross, kennysheep_doodads, uniq_grinder
D:6:      hangedman_cross_stitches, layout_rooms,
          nicolae_overflow_crystal_walls, minmay_manual_mess
Temple:   compressed_dpeg_triangle_lava_temple

Skill      XL: |  1  2  3  4  5  6 |
---------------+-------------------+-----
Stealth        | 2 3 4 |  4.6
Shields        | 1 2 3 |  3.9
Ranged Weapons | 5 6 |  6.4
Fighting       | |  2.1
Dodging        | |  1.7

Action                   |  1- 3 |  4- 6 |  7- 9 || total
-------------------------+-------+-------+-------++-------
 Fire: Shortbow          |    75 |   164 |     8 ||   247
 Abil: Dig               |     1 |     2 |       ||     3
Evoke: Wand              |       |     1 |       ||     1
  Use: Scroll            |     2 |    12 |       ||    14
       Potion            |     1 |     2 |       ||     3
Armor: Leather armour    |     4 |    15 |     3 ||    22
Dodge: Dodged            |    23 |    25 |     3 ||    51
Block: Buckler           |     2 |    16 |     1 ||    19
